 Dungeon Crawl Stone Soup version 0.19.1-1-g22dce08 (webtiles) character file.

889 StormySan the Cudgeler (level 8, 0/49 HPs)
             Began as a Gargoyle Fighter on Jan 8, 2017.
             Slain by Menkaure (6 damage)
             ... in an ossuary.
             The game lasted 00:13:21 (3258 turns).

StormySan the Cudgeler (Gargoyle Fighter)           Turns: 3258, Time: 00:13:22

Health: 0/49       AC: 19    Str: 23    XL:     8   Next: 6%
Magic:  0/17       EV:  8    Int:  6    God:
Gold:   120        SH: 10    Dex:  9    Spells: 0 memorised, 7 levels left

rFire  . . .     SeeInvis .     a - +0 flail
rCold  . . .     Gourm    .     b - +0 scale mail
rNeg   + . .     Faith    .     c - +0 shield
rPois  ∞         Spirit   +     t - +0 helmet
rElec  +         Reflect  .     r - +2 cloak {MR+}
rCorr  .         Harm     .     (no gloves)
MR     +....                    (no boots)
Stlth  ..........               s - amulet of guardian spirit
                                (no ring)
                                n - ring of magical power

@: no status effects
A: iridescent scales 1, dopey 1, negative energy resistance 1, electricity
resistance, unbreathing, petrification resistance, rot immunity, MP-powered
wands, AC +5
a: no special abilities


You were in an ossuary.
You were not hungry.

You visited 1 branch of the dungeon, and saw 4 of its levels.
You also visited: Ossuary.

You collected 120 gold pieces.

Inventory:

Hand Weapons
 a - a +0 flail (weapon)
Armour
 b - a +0 scale mail (worn)
 c - a +0 shield (worn)
 r - a +2 cloak of magic resistance (worn)
 t - a +0 helmet (worn)
Jewellery
 d - an uncursed amulet of harm {unknown}
 n - a ring of magical power (left hand)
 s - an amulet of guardian spirit (around neck)
Scrolls
 e - 4 scrolls of teleportation {unknown}
 i - 2 scrolls of remove curse {unknown}
 j - a scroll of amnesia {unknown}
 l - 2 scrolls of identify {unknown}
 m - a scroll of immolation {unknown}
 u - a scroll of enchant weapon {unknown}
Potions
 p - a potion of curing
 q - a potion of brilliance {unknown}
Comestibles
 f - 6 bread rations
 k - a slice of pizza


   Skills:
 + Level 5.3 Fighting
 * Level 5.8 Maces & Flails
 + Level 5.5 Armour
 + Level 5.4 Shields


You had 7 spell levels left.
You didn't know any spells.

Dungeon Overview and Level Annotations

Branches:
Dungeon (4/15)
 Temple: D:4-7

Altars:
Trog

Annotations:
Ossuary Menkaure


Innate Abilities, Weirdness & Mutations

You are resistant to torment.
Your stone body is resilient. (AC +5)
You are immune to poison.
You resist negative energy. (rN+)
You are resistant to electric shocks. (rElec)
You can survive without breathing.
You are immune to petrification.
You are immune to rotting.
You are partially covered in iridescent scales. (AC +2)
You are dopey. (Int -2)
You expend magic power (3 MP) to strengthen your wands.


Message History

You hit Menkaure but do no damage.
Menkaure is heavily damaged.
Menkaure hits you.
Menkaure gestures at you while chanting.
You resist with some effort.
You closely miss Menkaure.
Menkaure is heavily damaged.
Menkaure hits you!
* * * LOW HITPOINT WARNING * * *
You sock Menkaure!
Menkaure is almost destroyed.
Menkaure is no longer moving quickly.
Menkaure casts a spell.
Menkaure seems to speed up.
It was a potion of mutation.
You feel extremely strange.
You feel your magical essence link to your wands.
You feel stupid.
Iridescent scales grow over part of your body.
Menkaure barely misses you. Menkaure hits you!
You die...

.#...#...#...#...#..#
###'###'########.#..#
#....#....#....#.'..#
#....#....#....###..#
#....#....#....#.#..#
#....#....#....'.#..#
################.'..#
# .... #....###..# #
..... #....#@#..# #
!?M...#....#M#..# #
?$MM..'..M.MM'..# #
M∩$!..########..# #
?M!!. #..# # !!?.
#..# # ... +..# # ..
#..# ################
#..#


You could see Menkaure and 2 mummies.

Vanquished Creatures
  Grinder (D:4)
  Sigmund (D:3)
  A troll zombie (Ossuary)
  A howler monkey (D:4)
  A centaur zombie (Ossuary)
  A hound (D:4)
  Crazy Yiuf (D:3)
  An orc priest (D:4)
  Jessica (D:3)
  Natasha (thrice) (D:3)
  An orc wizard (D:3)
  2 ogre zombies (Ossuary)
  2 mummies (Ossuary)
  Robin (D:3)
  An ooze (D:3)
  2 adder zombies (Ossuary)
  3 worms (D:3)
  A dart slug (D:2)
  2 leopard geckos
  7 orcs
  8 giant cockroaches
  15 goblins
  7 hobgoblins
  2 jackals (D:3)
  8 kobolds
  3 quokkas
  2 ball pythons
  4 bats
  A frilled lizard (D:2)
  7 goblin zombies (Ossuary)
  2 hobgoblin zombies (Ossuary)
  A jackal skeleton (D:4)
  A kobold zombie (Ossuary)
  4 quokka zombies (Ossuary)
  11 rats
  7 rat zombies (Ossuary)
117 creatures vanquished.

Notes
Turn   | Place    | Note
-------+----------+-------------------------------------------
     0 | D:1      | StormySan the Gargoyle Fighter began the quest for the Orb.
     0 | D:1      | Reached XP level 1. HP: 14/14 MP: 1/1
   107 | D:1      | Reached XP level 2. HP: 19/19 MP: 2/2
   516 | D:2      | Reached XP level 3. HP: 23/23 MP: 3/3
   884 | D:3      | Reached XP level 4. HP: 9/29 MP: 4/4
  1137 | D:3      | Noticed Sigmund
  1209 | D:3      | Noticed Jessica
  1210 | D:3      | Found a bloodstained altar of Trog.
  1213 | D:3      | Killed Jessica
  1334 | D:3      | Found a runed door.
  1438 | D:3      | Noticed Crazy Yiuf
  1451 | D:3      | Killed Crazy Yiuf
  1451 | D:3      | Reached XP level 5. HP: 12/33 MP: 5/5
  1724 | D:3      | Noticed Natasha
  1729 | D:3      | Killed Natasha
  1929 | D:3      | Noticed Natasha
  1929 | D:3      | Noticed a moth of wrath
  1937 | D:3      | Killed Natasha
  2178 | D:3      | Killed Sigmund
  2178 | D:3      | Reached XP level 6. HP: 34/39 MP: 6/6
  2229 | D:3      | Found a bloodstained altar of Trog.
  2327 | D:3      | Noticed Natasha
  2332 | D:3      | Killed Natasha
  2370 | D:3      | Noticed Robin
  2381 | D:3      | Killed Robin
  2532 | D:4      | Reached XP level 7. HP: 36/44 MP: 7/7
  2543 | D:4      | Noticed Grinder
  2546 | D:4      | Reached skill level 5 in Shields
  2566 | D:4      | Reached skill level 5 in Maces & Flails
  2566 | D:4      | Reached skill level 5 in Armour
  2577 | D:4      | Killed Grinder
  2577 | D:4      | Reached skill level 5 in Fighting
  2596 | D:4      | Found a sand-covered staircase.
  2603 | Ossuary  | Entered an ossuary
  3141 | Ossuary  | Reached XP level 8. HP: 47/49 MP: 8/8
  3224 | Ossuary  | Noticed Menkaure
  3258 | Ossuary  | Gained mutation: You expend magic power (3 MP) to strengthen your wands. [potion of mutation]
  3258 | Ossuary  | Gained mutation: You are dopey. (Int -2) [potion of mutation]
  3258 | Ossuary  | Gained mutation: You are partially covered in iridescent scales. (AC +2) [potion of mutation]
  3258 | Ossuary  | Slain by Menkaure

Skill      XL: |  1  2  3  4  5  6  7 |
---------------+----------------------+-----
Maces & Flails | 3 4 5 |  5.8
Armour         | 4 5 |  5.5
Fighting       | 4 5 |  5.3
Shields        | 4 5 |  5.4

Action                   |  1- 3 |  4- 6 |  7- 9 || total
-------------------------+-------+-------+-------++-------
Melee: Flail             |   113 |   208 |   171 ||   492
  Use: Potion            |       |     1 |     2 ||     3
  Eat: Chunk             |       |     6 |     1 ||     7
       Pizza             |       |       |     1 ||     1
Armor: Scale mail        |    46 |   120 |    77 ||   243
Dodge: Dodged            |    46 |    59 |    43 ||   148
Block: Shield            |    62 |   103 |    67 ||   232
